 Dungeon Crawl Stone Soup version 0.26-a0-667-g92642533e4 (webtiles) character file.

Game seed: 13437538630622586077

429 DogServant the Insei (level 6, -19/43 HPs)
             Began as a Merfolk Transmuter on Oct 18, 2020.
             Demolished by Menkaure (20 damage)
             ... on level 4 of the Dungeon.
             The game lasted 00:06:39 (4559 turns).

DogServant the Insei (Merfolk Transmuter)           Turns: 4559, Time: 00:06:40

Health: -19/43     AC:  3    Str: 12    XL:     6   Next: 98%
Magic:  7/9        EV: 14    Int: 12    God:
Gold:   131        SH:  0    Dex: 15    Spells: 3/9 levels left

rFire    . . .     SeeInvis .     - Unarmed
rCold    . . .     Faith    .   (no shield)
rNeg     . . .     Spirit   .   a - +0 robe
rPois    .         Reflect  .   (no helmet)
rElec    .         Harm     .   (no cloak)
rCorr    .         Rampage  .   c - +0 pair of gloves
MR       .....                  (no boots)
Stlth    ++........             (no amulet)
HPRegen  0.14/turn              l - ring of stealth
MPRegen  0.11/turn              (no ring)

@: no status effects
A: change form in water, swift swim, stealthy swim
a: no special abilities


You were on level 4 of the Dungeon.
You visited 1 branch of the dungeon, and saw 4 of its levels.

You collected 131 gold pieces.

Inventory:

Missiles
 e - 19 poisoned darts (quivered)
Armour
 a - a +0 robe (worn)
 c - a +0 pair of gloves (worn)
Jewellery
 l - a ring of stealth (left hand)
Wands
 b - a wand of flame (10)
 d - a wand of disintegration (12)
 i - a wand of paralysis (2)
Scrolls
 f - 3 scrolls of remove curse
 m - a scroll of random uselessness {unknown}
Potions
 g - a potion of lignification
 h - 3 potions of flight
 k - 2 potions of curing {unknown}


   Skills:
 + Level 1.5 Fighting
 - Level 4.0 Dodging
 + Level 6.0 Unarmed Combat
 - Level 2.0 Spellcasting
 + Level 4.2 Transmutations
 - Level 3.6 Poison Magic
 + Level 0.6 Evocations


You had 3 spell levels left.
You knew the following spells:

 Your Spells              Type           Power        Failure   Level
a - Beastly Appendage     Tmut           ##....       4%          1
b - Spider Form           Tmut/Pois      ##........   16%         3
c - Wereblood             Tmut           ##......     7%          2

Your spell library contained the following spells:

 Spells                   Type           Power        Failure   Level
 Confusing Touch          Hex            #.......     63%         3
 Gell's Gravitas          Tloc           #.........   63%         3
 Ice Form                 Ice/Tmut       #.......     75%         4
 Petrify                  Tmut/Erth      #.......     75%         4
 Blade Hands              Tmut           ##........   78%         5
 Yara's Violent Unravell  Hex/Tmut       #.........   97%         5
 Metabolic Englaciation   Hex/Ice        #.........   100%        5


Dungeon Overview and Level Annotations

Branches:
Dungeon (4/15)
 Temple: D:4-7

Altars:

Annotations:
D:4 Menkaure


Message History

Menkaure is severely damaged.
Menkaure calls on the powers of darkness!
Your body is wracked with pain!
You hit Menkaure.
Menkaure is severely damaged.
You hit Menkaure.
Menkaure is almost destroyed.
Menkaure hits you!
* * * LOW HITPOINT WARNING * * *
A bullfrog skeleton comes into view.
You hit Menkaure.
Menkaure is almost destroyed.
Menkaure gestures wildly while chanting.
Menkaure seems to speed up.
You hit Menkaure but do no damage.
Menkaure is almost destroyed.
Your transformation has ended.
Your +0 pair of gloves unmelds from your body.
Your +0 robe unmelds from your body.
Menkaure hits you!!
You die...

..# ...# #.# #.# ###
...#####.. #.# #.#
......##..# #.# #.#
######.# ...## #.# #.#
####.#..#.# .... ...#
........#.#
##..#####..#
######.##.#
#....)...[.#
..........#
#...ZM..(..#
######.########.@######
#.................#
###########.#####.#
#..# ##.# .. #.# .# ..


You could see Menkaure (fast) and a bullfrog skeleton.

Vanquished Creatures
  Grinder (D:3)
  A water moccasin skeleton (D:4)
  Terence (D:3)
  A worker ant (D:4)
  A hound skeleton (D:4)
  Robin (D:3)
  2 adders
  An ufetubus (D:3)
  An ooze (D:2)
  A dart slug (D:3)
  2 leopard geckos
  An orc (D:3)
  6 bats
  4 giant cockroaches
  13 goblins
  8 hobgoblins
  14 jackals
  6 kobolds
  A ball python (D:3)
  4 frilled lizards
  10 rats
80 creatures vanquished.

Notes
Turn   | Place    | Note
-------+----------+-------------------------------------------
     0 | D:1      | DogServant the Merfolk Transmuter began the quest for the
                  | Orb.
     0 | D:1      | Reached XP level 1. HP: 15/15 MP: 3/3
   225 | D:1      | Reached XP level 2. HP: 8/21 MP: 3/5
   577 | D:1      | You fall into a shaft and drop 1 floor!
   664 | D:2      | Reached skill level 4 in Unarmed Combat
   664 | D:2      | Reached XP level 3. HP: 8/26 MP: 4/6
  2062 | D:3      | Noticed Terence
  2170 | D:2      | Learned a level 3 spell: Spider Form
  2217 | D:3      | Killed Terence
  2217 | D:3      | Reached XP level 4. HP: 29/32 MP: 4/7
  2255 | D:3      | Learned a level 2 spell: Wereblood
  2256 | D:3      | Noticed Robin
  2275 | D:3      | Killed Robin
  2275 | D:3      | Reached skill level 1 in Poison Magic
  2903 | D:3      | Noticed Grinder
  2919 | D:3      | Paralysed by Grinder for 3 turns
  2928 | D:3      | Killed Grinder
  2928 | D:3      | Reached skill level 5 in Unarmed Combat
  2928 | D:3      | Reached XP level 5. HP: 11/37 MP: 6/8
  2928 | D:3      | Reached XP level 6. HP: 13/43 MP: 6/9
  4201 | D:4      | Reached skill level 6 in Unarmed Combat
  4542 | D:4      | Noticed Menkaure
  4557 | D:4      | HP: 1/43 [Menkaure (13)]
  4559 | D:4      | Demolished by Menkaure

Illustrated notes

Levels and vault maps discovered:
D:1:      dpeg_arrival_ratfight, layout_rooms
D:2:      layout_loops_ring
D:3:      minmay_skewed_foursquare, layout_basic, serial_glass, glass_columns_a,
          glass_columns_a, item_on_display_a, item_on_display_a,
          due_unseen_surprise, uniq_robin, uniq_grinder, uniq_terence
D:4:      layout_basic, uniq_menkaure

Skill      XL: |  1  2  3  4  5  6 |
---------------+-------------------+-----
Dodging        | 3 4 |  4.0
Transmutations | 3 4 |  4.2
Unarmed Combat | 4 5 6 |  6.0
Poison Magic   | 3 |  3.6
Fighting       | |  1.5
Spellcasting   | |  2.0
Evocations     | |  0.6

Action                   |  1- 3 |  4- 6 || total
-------------------------+-------+-------++-------
Melee: Unarmed           |   127 |   142 ||   269
       Headbutt          |     9 |    10 ||    19
       Punch             |     4 |       ||     4
 Cast: Beastly Appendage |    16 |    11 ||    27
       Spider Form       |     1 |     3 ||     4
       Wereblood         |       |     4 ||     4
  Use: Scroll            |     7 |     2 ||     9
       Potion            |       |     4 ||     4
 Stab: Sleeping          |     2 |     2 ||     4
Armor: Robe              |    30 |    31 ||    61
       Skin              |       |     5 ||     5
Dodge: Dodged            |   101 |   110 ||   211

Table legend: (Time is in decaauts)
 A = Elapsed time spent in this place.
 B = Non-inter-level travel time spent in this place.
 C = Inter-level travel time spent in this place.
 D = Time resting spent in this place.
 E = Time spent auto-exploring this place.
 F = Levels seen in this place.
 G = Mean time per level.
                   A        B        C        D        E       F      G
               +--------+--------+--------+--------+--------+-----+--------+
         Total |   4536 |   4459 |     77 |   1228 |   2639 |   4 | 1134.0 |
       Dungeon |   4536 |   4459 |     77 |   1228 |   2639 |   4 | 1134.0 |
               +--------+--------+--------+--------+--------+-----+--------+

Top non-repeatable levels by time:
     D:3: 1954 daAuts
     D:1: 1318 daAuts
     D:2: 830 daAuts
     D:4: 434 daAuts
